SL
GRAFTON MIDDIES @ PHILADELPHIA 1776 BC
08/25/2029
 
TOP OF THE 1ST
Grafton Middies batting - Pitching for Philadelphia 1776 BC : RHP Bill Tugwell
Pitching: RHP Bill Tugwell
Batting: RHB Pedro Santos 0-0: Called Strike
0-1: DOUBLE (Line Drive, 78D)
Batting: RHB Carlos Maldonado 0-0: Called Strike
0-1: Swinging Strike
0-2: Ball
1-2: Strikes out looking
Batting: LHB Mario Ramos 0-0: Called Strike
0-1: Ball
1-1: Swinging Strike
1-2: Ball
2-2: Foul Ball, location: 2F
2-2: SINGLE (Flyball, 9LS)
Pedro Santos to third
Runner from 3rd tries for Home, SAFE, no throw
Batting: LHB Jorge Flores 0-0: Ball
1-0: Ball
2-0: Ball
3-0: Called Strike
3-1: Base on Balls
Mario Ramos to second
Batting: RHB Stefano Gaddi 0-0: Foul Ball, location: 2F
0-1: Fly out, F7 (Flyball, 7LMF)
Batting: RHB Cristo González 0-0: Ball
1-0: Ground out 5-3 (Groundball, 5S)
Top of the 1st over - 1 run, 2 hits, 0 errors, 2 left on base; Grafton 1 - Philadelphia 1776 0
BOTTOM OF THE 1ST
Philadelphia 1776 BC batting - Pitching for Grafton Middies : RHP Dave Turner
Pitching: RHP Dave Turner
Batting: LHB José Rodríguez 0-0: Foul Ball, location: 2F
0-1: Ball
1-1: Ball
2-1: Foul Ball, location: 2F
2-2: Strikes out swinging, 2-3 out at first.
Batting: LHB Tony Vega 0-0: Ball
1-0: Ball
2-0: Ball
3-0: Base on Balls
Batting: LHB Manoo Satyavrat 0-0: Foul Ball, location: 2F
0-1: Ball
1-1: Called Strike
1-2: Ball
2-2: SINGLE (Flyball, 8LS)
Tony Vega to second
Runner from 2nd tries for 3rd, SAFE, throw made to third
Batting: LHB Jeff Rutherford 0-0: Ball
1-0: Called Strike
1-1: Ball
2-1: DOUBLE (Groundball, 5L)
Tony Vega scores
Manoo Satyavrat to third
Batting: RHB António Granados 0-0: Called Strike
0-1: Ball
1-1: Foul Ball, location: 2F
1-2: Strikes out swinging
Batting: SHB Jesús Cabañe 0-0: Foul Ball, location: 2F
0-1: Foul Ball, location: 2F
0-2: Ball
1-2: Ball
2-2: SINGLE (Line Drive, 4MD)
Manoo Satyavrat scores
Jeff Rutherford to third
Batting: RHB Fernando Rivera Pickoff Throw to First - Error! E1
Jeff Rutherford scores
Jesús Cabañe to second
0-0: Swinging Strike
0-1: Ground out 1-3 (Groundball, P)
Bottom of the 1st over - 3 runs, 3 hits, 1 error, 1 left on base; Grafton 1 - Philadelphia 1776 3
TOP OF THE 2ND
Grafton Middies batting - Pitching for Philadelphia 1776 BC : RHP Bill Tugwell
Batting: SHB Jack MacAsgill 0-0: Called Strike
0-1: SINGLE (Groundball, 6D)
Batting: RHB Orlando Reyes 0-0: Called Strike
0-1: Ball
1-1: Ball
2-1: Foul Ball, location: 2F
2-2: Fly out, F9 (Line Drive, 9S)
Batting: LHB Phil MacNamara 0-0: Fly out, F4 (Line Drive, 4)
Batting: RHB Pedro Santos 0-0: Ball
1-0: Ball
2-0: Foul Ball, location: 2F
2-1: SINGLE (Flyball, 89M)
Jack MacAsgill to second
Runner from 2nd tries for 3rd, SAFE, no throw
Batting: RHB Carlos Maldonado 0-0: Called Strike
0-1: Swinging Strike
0-2: Ground out 1-3 (Groundball, 13)
Top of the 2nd over - 0 runs, 2 hits, 0 errors, 2 left on base; Grafton 1 - Philadelphia 1776 3
BOTTOM OF THE 2ND
Philadelphia 1776 BC batting - Pitching for Grafton Middies : RHP Dave Turner
Batting: RHB Patrizio Vanali 0-0: Ball
1-0: Ball
2-0: Called Strike
2-1: Foul Ball, location: 2F
2-2: Ball
3-2: Base on Balls
Batting: RHB John Schnatter 0-0: Called Strike
0-1: Foul Ball, location: 2F
0-2: Fly out, F8 (Flyball, 8RM)
Batting: LHB José Rodríguez 0-0: Called Strike
0-1: Called Strike
0-2: Ball
1-2: Foul Ball, location: 2F
1-2: Strikes out looking
Batting: LHB Tony Vega 0-0: Ball
Patrizio Vanali steals 2nd base
1-0: Ball
2-0: Swinging Strike
2-1: Ball
3-1: Ground out U3 (Groundball, 3L)
Bottom of the 2nd over - 0 runs, 0 hits, 0 errors, 1 left on base; Grafton 1 - Philadelphia 1776 3
TOP OF THE 3RD
Grafton Middies batting - Pitching for Philadelphia 1776 BC : RHP Bill Tugwell
Batting: LHB Mario Ramos 0-0: Ball
1-0: Ball
2-0: Ball
3-0: Base on Balls
Batting: LHB Jorge Flores 0-0: Called Strike
0-1: Ball
1-1: Called Strike
1-2: Fly out, F9 (Flyball, 9S)
Batting: RHB Stefano Gaddi 0-0: Ball
1-0: Swinging Strike
1-1: Foul Ball, location: 2F
1-2: Fly out, F8 (Flyball, 78M)
Batting: RHB Cristo González 0-0: SINGLE (Groundball, 6D)
Mario Ramos to second
Batting: SHB Jack MacAsgill 0-0: Ball
1-0: Ball
2-0: Swinging Strike
2-1: Ball
3-1: Base on Balls
Mario Ramos to third
Cristo González to second
Batting: RHB Orlando Reyes 0-0: TRIPLE (Flyball, 9LD)
Mario Ramos scores
Cristo González scores
Jack MacAsgill scores
Batting: LHB Phil MacNamara 0-0: Ball
1-0: Foul Ball, location: 2F
1-1: Ball
2-1: Foul Ball, location: 2F
2-2: Foul Ball, location: 2F
2-2: Strikes out swinging
Top of the 3rd over - 3 runs, 2 hits, 0 errors, 1 left on base; Grafton 4 - Philadelphia 1776 3
BOTTOM OF THE 3RD
Philadelphia 1776 BC batting - Pitching for Grafton Middies : RHP Dave Turner
Batting: LHB Manoo Satyavrat 0-0: Foul Ball, location: 2F
0-1: Ball
1-1: SINGLE (Line Drive, 4M)
Batting: LHB Jeff Rutherford 0-0: Ball
1-0: Called Strike
Manoo Satyavrat steals 2nd base
1-1: Called Strike
1-2: Ball
2-2: SINGLE (Flyball, 6MD)
Manoo Satyavrat to third
Runner from 3rd tries for Home, SAFE, no throw
Batting: RHB António Granados 0-0: Grounds into double play, 5-4-3 (Groundball, 56)
Batting: SHB Jesús Cabañe 0-0: Fly out, F8 (Flyball, 8RM)
Bottom of the 3rd over - 1 run, 2 hits, 0 errors, 0 left on base; Grafton 4 - Philadelphia 1776 4
TOP OF THE 4TH
Grafton Middies batting - Pitching for Philadelphia 1776 BC : RHP Bill Tugwell
Batting: RHB Pedro Santos 0-0: Ball
1-0: Ball
2-0: Fly out, F8 (Flyball, 8RXD)
Batting: RHB Carlos Maldonado 0-0: Ball
1-0: Ground out 6-3 (Groundball, 56)
Batting: LHB Mario Ramos 0-0: Foul Ball, location: 2F
0-1: Ground out 4-3 (Groundball, 4)
Top of the 4th over - 0 runs, 0 hits, 0 errors, 0 left on base; Grafton 4 - Philadelphia 1776 4
BOTTOM OF THE 4TH
Philadelphia 1776 BC batting - Pitching for Grafton Middies : RHP Dave Turner
Batting: RHB Fernando Rivera 0-0: Called Strike
0-1: Ball
1-1: Ball
2-1: Swinging Strike
2-2: Fly out, F8 (Flyball, 8RS)
Batting: RHB Patrizio Vanali 0-0: Ball
1-0: Ball
2-0: Fly out, F8 (Line Drive, 8RM)
Batting: RHB John Schnatter 0-0: Called Strike
0-1: Ball
1-1: Foul Ball, location: 2F
1-2: Foul Ball, location: 2F
1-2: Ball
2-2: Ball
3-2: Fly out, F2 (Popup, 2RF)
Bottom of the 4th over - 0 runs, 0 hits, 0 errors, 0 left on base; Grafton 4 - Philadelphia 1776 4
TOP OF THE 5TH
Grafton Middies batting - Pitching for Philadelphia 1776 BC : RHP Bill Tugwell
Batting: LHB Jorge Flores 0-0: Called Strike
0-1: Foul Ball, location: 2F
0-2: Foul Ball, location: 2F
0-2: Fly out, F8 (Flyball, 8RM)
Batting: RHB Stefano Gaddi 0-0: Ball
1-0: Foul Ball, location: 2F
1-1: DOUBLE (Line Drive, 8LD)
Batting: RHB Cristo González 0-0: Ball
1-0: Foul Ball, location: 2F
1-1: Foul Ball, location: 2F
1-2: SINGLE (Line Drive, 7LS)
Stefano Gaddi to third
Batting: SHB Jack MacAsgill 0-0: Ball
1-0: Ball
2-0: Fielders Choice at 2nd, 1-4 (Groundball, 15)
Batting: RHB Orlando Reyes 0-0: Called Strike
0-1: Fielders Choice at 2nd, 6-4 (Groundball, 6)
Top of the 5th over - 0 runs, 2 hits, 0 errors, 2 left on base; Grafton 4 - Philadelphia 1776 4
BOTTOM OF THE 5TH
Philadelphia 1776 BC batting - Pitching for Grafton Middies : RHP Dave Turner
Batting: LHB José Rodríguez 0-0: Ball
1-0: Ground out 4-3 (Groundball, 4D)
Batting: LHB Tony Vega 0-0: Ball
1-0: Ball
2-0: Ground out 6-3 (Groundball, 6)
Batting: LHB Manoo Satyavrat 0-0: Fly out, F8 (Flyball, 8LM)
Bottom of the 5th over - 0 runs, 0 hits, 0 errors, 0 left on base; Grafton 4 - Philadelphia 1776 4
TOP OF THE 6TH
Grafton Middies batting - Pitching for Philadelphia 1776 BC : RHP Bill Tugwell
Batting: LHB Phil MacNamara 0-0: Called Strike
0-1: Ball
1-1: Ball
2-1: Swinging Strike
2-2: Foul Ball, location: 2F
2-2: Fly out, F9 (Flyball, 9)
Batting: RHB Pedro Santos 0-0: Ball
1-0: Fly out, F3 (Popup, 34)
Batting: RHB Carlos Maldonado 0-0: Foul Ball, location: 2F
0-1: Swinging Strike
0-2: Ball
1-2: Ground out 6-3 (Groundball, 6)
Top of the 6th over - 0 runs, 0 hits, 0 errors, 0 left on base; Grafton 4 - Philadelphia 1776 4
BOTTOM OF THE 6TH
Philadelphia 1776 BC batting - Pitching for Grafton Middies : RHP Dave Turner
Pitching: RHP Truman Valentine
Batting: LHB Jeff Rutherford 0-0: Ball
1-0: SINGLE (Line Drive, 89S)
Batting: RHB António Granados 0-0: Ball
1-0: SINGLE (Groundball, 34D)
Jeff Rutherford to second
Runner from 2nd tries for 3rd, SAFE, no throw
Batting: SHB Jesús Cabañe 0-0: Ball
1-0: SINGLE (Flyball, 89M)
Jeff Rutherford scores
António Granados to second
Runner from 2nd tries for 3rd, SAFE, no throw
Batting: RHB Fernando Rivera 0-0: Called Strike
0-1: Ball
1-1: Ball
2-1: Ball
3-1: Called Strike
3-2: Base on Balls
Jesús Cabañe to second
Batting: RHB Patrizio Vanali 0-0: Ball
1-0: Ball
2-0: Grounds into fielders choice 4-2 (Groundball, 4)
Jesús Cabañe to third
Fernando Rivera to second
Batting: RHB John Schnatter 0-0: Foul Ball, location: 2F
0-1: Called Strike
0-2: Ball
1-2: Ball
2-2: Foul Ball, location: 2F
2-2: SINGLE (Flyball, 9S)
Jesús Cabañe scores
Fernando Rivera to third
Patrizio Vanali to second
Batting: LHB José Rodríguez 0-0: Ball
1-0: Ball
2-0: Ball
3-0: Base on Balls
Fernando Rivera scores
Patrizio Vanali to third
John Schnatter to second
Pitching: RHP Francis Cahill
Batting: LHB Tony Vega 0-0: Ball
1-0: Ball
2-0: Ball
3-0: Called Strike
3-1: Base on Balls
Patrizio Vanali scores
John Schnatter to third
José Rodríguez to second
Batting: LHB Manoo Satyavrat 0-0: Ball
1-0: Ball
2-0: Ball
3-0: Called Strike
3-1: Base on Balls
John Schnatter scores
José Rodríguez to third
Tony Vega to second
Batting: LHB Jeff Rutherford 0-0: Called Strike
0-1: Foul Ball, location: 2F
0-2: Ball
1-2: Ball
2-2: SINGLE (Groundball, 56D)
José Rodríguez scores
Tony Vega to third
Manoo Satyavrat to second
Runner from 3rd tries for Home, SAFE, no throw
Batting: RHB António Granados 0-0: Called Strike
Jeff Rutherford is caught stealing 2nd base
0-1: Foul Ball, location: 2F
0-2: Foul Ball, location: 2F
0-2: Ball
1-2: Fly out, F5 (Line Drive, 56)
Bottom of the 6th over - 7 runs, 5 hits, 0 errors, 1 left on base; Grafton 4 - Philadelphia 1776 11
TOP OF THE 7TH
Grafton Middies batting - Pitching for Philadelphia 1776 BC : RHP Bill Tugwell
Batting: LHB Mario Ramos 0-0: Swinging Strike
0-1: Swinging Strike
0-2: SINGLE (Groundball, 4D)
Batting: LHB Jorge Flores 0-0: Called Strike
0-1: Ball
1-1: Swinging Strike
1-2: Foul Ball, location: 2F
1-2: SINGLE (Groundball, 34D)
Mario Ramos to second
Runner from 2nd tries for 3rd, SAFE, throw made to third
Batting: RHB Stefano Gaddi 0-0: Ball
1-0: Ball
2-0: Grounds into double play, 3-6-4 (Groundball, 34)
Mario Ramos scores
Batting: RHB Cristo González 0-0: Fly out, F5 (Popup, 5SF)
Top of the 7th over - 1 run, 2 hits, 0 errors, 0 left on base; Grafton 5 - Philadelphia 1776 11
BOTTOM OF THE 7TH
Philadelphia 1776 BC batting - Pitching for Grafton Middies : RHP Francis Cahill
Batting: SHB Jesús Cabañe 0-0: Foul Ball, location: 2F
0-1: Ball
1-1: Foul Ball, location: 2F
1-2: SOLO HOME RUN (Flyball, 78XD), Distance : 417 ft
Batting: RHB Fernando Rivera 0-0: Ball
1-0: Fly out, F5 (Line Drive, 56S)
Batting: RHB Patrizio Vanali 0-0: Called Strike
0-1: Foul Ball, location: 2F
0-2: Fly out, F3 (Line Drive, 3S)
Batting: RHB John Schnatter 0-0: SINGLE (Groundball, 34D)
Batting: LHB José Rodríguez 0-0: Called Strike
0-1: Foul Ball, location: 2F
0-2: Ball
1-2: Ball
2-2: Foul Ball, location: 2F
2-2: Ground out 4-3 (Groundball, 4S)
Bottom of the 7th over - 1 run, 2 hits, 0 errors, 1 left on base; Grafton 5 - Philadelphia 1776 12
TOP OF THE 8TH
Grafton Middies batting - Pitching for Philadelphia 1776 BC : RHP Bill Tugwell
Batting: SHB Jack MacAsgill 0-0: Ball
1-0: Ground out 6-3 (Groundball, 6)
Pitching: RHP Frank Walker
Batting: RHB Orlando Reyes 0-0: Foul Ball, location: 2F
0-1: Ball
1-1: Ball
2-1: Ball
3-1: Foul Ball, location: 2F
3-2: Base on Balls
Batting: LHB Phil MacNamara 0-0: Grounds into double play, 4-6-3 (Groundball, 4)
Top of the 8th over - 0 runs, 0 hits, 0 errors, 0 left on base; Grafton 5 - Philadelphia 1776 12
BOTTOM OF THE 8TH
Philadelphia 1776 BC batting - Pitching for Grafton Middies : RHP Francis Cahill
Batting: LHB Tony Vega 0-0: Called Strike
0-1: Swinging Strike
0-2: Foul Ball, location: 2F
0-2: Strikes out swinging
Batting: LHB Manoo Satyavrat 0-0: Called Strike
0-1: Ball
1-1: Foul Ball, location: 2F
1-2: Ball
2-2: Ball
3-2: Foul Ball, location: 2F
3-2: SINGLE (Groundball, 4MD)
Batting: LHB Jeff Rutherford 0-0: Foul Ball, location: 2F
0-1: SINGLE (Line Drive, 7S)
Manoo Satyavrat to second
Batting: RHB António Granados 0-0: Ball
Manoo Satyavrat steals 3rd base
1-0: Fly out, F5 (Flyball, 56D)
Batting: SHB Jesús Cabañe 0-0: Called Strike
0-1: Ball
1-1: 3-RUN HOME RUN (Line Drive, 9LD), Distance : 362 ft
Pitching: RHP Bob Browning
Batting: RHB Fernando Rivera 0-0: Called Strike
0-1: Swinging Strike
0-2: Foul Ball, location: 2F
0-2: Strikes out swinging
Bottom of the 8th over - 3 runs, 3 hits, 0 errors, 0 left on base; Grafton 5 - Philadelphia 1776 15
TOP OF THE 9TH
Grafton Middies batting - Pitching for Philadelphia 1776 BC : RHP Frank Walker
Batting: RHB Pedro Santos 0-0: Ball
1-0: Ball
2-0: Ball
3-0: Base on Balls
Batting: RHB Carlos Maldonado 0-0: Called Strike
0-1: Ball
1-1: Fly out, F7 (Flyball, 78D)
Batting: LHB Mario Ramos 0-0: Called Strike
0-1: Ball
1-1: Swinging Strike
1-2: Ball
2-2: Ball
3-2: Foul Ball, location: 2F
3-2: Base on Balls
Pedro Santos to second
Batting: LHB Jorge Flores 0-0: 3-RUN HOME RUN (Flyball, 9LD), Distance : 352 ft
Batting: RHB Stefano Gaddi 0-0: Fly out, F7 (Flyball, 7D)
Batting: RHB Cristo González 0-0: Called Strike
0-1: Swinging Strike
0-2: Foul Ball, location: 2F
0-2: Strikes out swinging
Top of the 9th over - 3 runs, 1 hit, 0 errors, 0 left on base; Grafton 8 - Philadelphia 1776 15
Tuesday, December 19th, 2017 - OOTP Baseball 18.8 Build 76